 Dungeon Crawl Stone Soup version 0.31-a0-557-g6e16503903 (webtiles) character file.

Game seed: 15504799051249935510

515 Arcadio the Trooper (level 7, -2/51 (57) HPs)
             Began as a Formicid Fighter on Aug 16, 2023.
             Was a Believer of Zin.
             Slain by a wight
             ... wielding a +6 halberd
              (3 damage)
             ... on level 6 of the Dungeon.
             The game lasted 00:07:44 (3521 turns).

Arcadio the Trooper (Formicid Fighter)              Turns: 3521, Time: 00:07:44

HP:   -2/51 (57)    AC: 12    Str: 23    XL:     7   Next: 44%
MP:   5/7           EV:  6    Int:  9    God:    Zin [**....]
Gold: 257           SH:  5    Dex: 14    Spells: 6/6 levels left

rFire   . . .        p - +7 falchion of Popular Demand {freeze, Fly rPois}
rCold   . . .        c - +0 buckler
rNeg    . . .        g - +0 plate armour
rPois   ∞            (helmet unavailable)
rElec   .            (no cloak)
rCorr   .            (no gloves)
SInv    +            (no boots)
Will    .....        (no amulet) Stlth
                     (no ring)
HPRegen 0.28/turn    (no ring)
MPRegen 0.10/turn

%: no passive effects
@: mighty, vitalised, flying, heavily drained
A: permanent stasis, dig shafts and tunnels, antennae 3, four strong arms
a: Dig, Shaft Self, Renounce Religion, Recite, Vitalisation, Donate Gold


You were on level 6 of the Dungeon.
You worshipped Zin.
Zin was pleased with you.
You visited 1 branch of the dungeon, and saw 5 of its levels.

You collected 285 gold pieces.
You donated 28 gold pieces to Zin.

Inventory:

Hand Weapons
 a - a +0 war axe
 p - the +7 falchion of Popular Demand (weapon) {freeze, Fly rPois}
   (You found it on level 6 of the Dungeon)

   rPois:     It protects you from poison Fly: It grants you flight.
Armour
 b - a +0 scale mail
 c - a +0 buckler (worn)
 g - a +0 plate armour (worn)
Jewellery
 k - a ring of ice
Scrolls
 f - a scroll of blinking
 h - a scroll of identify {unknown}
 i - a scroll of vulnerability {unknown}
 j - a scroll of enchant weapon {unknown}
 l - a scroll of revelation {unknown}
 o - a scroll of immolation {unknown}
Potions
 d - a potion of might
 e - 2 potions of curing {unknown}
 m - a potion of berserk rage {unknown}
 n - 2 potions of heal wounds {unknown}


   Skills:
 + Level 5.8 Fighting
 + Level 4.6 Axes
 + Level 5.6 Armour
 - Level 4.0 Shields


You had 6 spell levels left.
You didn't know any spells.
Your spell library contained the following spells:

 Spells                   Type           Power      Damage    Failure   Level
 Magic Dart               Conj           0%         1d3       100%        1
 Ensorcelled Hibernation  Hex/Ice        0%         N/A       100%        2
 Passwall                 Tmut/Erth      0%         N/A       100%        2
 Searing Ray              Conj           0%         2d4       100%        2
 Sublimation of Blood     Necr           0%         N/A       100%        2
 Wereblood                Tmut           0%         N/A       100%        2
 Fulminant Prism          Conj/Hex       0%         3d5       100%        4
 Summon Hydra             Summ           0%         N/A       100%        7
 Swiftness                Air            Unusable   N/A       N/A         3

Dungeon Overview and Level Annotations

Branches:
Dungeon (4/15) Zot: 26277
 Temple: D:4-7

Altars:
Fedhas
Wu Jian
Zin

Annotations:
D:4 1 transporter
D:6 Pikel


Innate Abilities, Weirdness & Mutations

You cannot be hasted, slowed, berserked, paralysed or teleported.
You can dig through walls and to a lower floor.
You have a pair of large antennae on your head. (SInv)
Your four strong arms can wield two-handed weapons with a shield.


Message History

Pikel says, "You'll make a fine lemure."
You see here a potion of might.
d - 2 potions of might (gained 1) 2 wights come into view.
The iguana bites you but does no damage.
The iguana attacks as you move away! The iguana bites you!
The wight barely misses you.
There is a stone staircase leading down here.
A lemure comes into view.
Pikel says, "I just want to get paid!"
A lemure comes into view.
Okay, then.
Okay, then.
Zin grants you divine stamina.
The lemure shouts!
The wight barely misses you.
You feel very mighty all of a sudden. You block the wight's attack.
The wight hits you from afar with a +6 halberd.
You feel drained.
You slice the wight!!
You destroy the wight!
Zin accepts your kill.
The wight hits you from afar with a +6 halberd.
The iguana bites you but does no damage.
The wight hits you from afar with a +6 halberd.
You feel drained.
You slash the iguana!
The iguana seems to slow down.
You freeze the iguana.
The iguana is almost dead.
The wight hits you from afar with a +6 halberd!
You closely miss the iguana.
The iguana is almost dead.
The iguana bites you! You block the wight's attack.
You hit the iguana.
The iguana seems to slow down.
You freeze the iguana.
You kill the iguana!
You block the wight's attack. Pikel hits you but does no damage.
The wight hits you from afar with a +6 halberd!
* * * LOW HITPOINT WARNING * * *
You feel drained.
You die...

##...##{..## ##.## #..###
# #...{...# #..# ##....
.##..####..# #..# ##...#
.#..## ##..# ##.##
###..### ....# #..#
#..####....## ...5##
#..## #.......#...##
.....## #..##
##.....####...# ......#
#.5####.....## ##...
.....{## ##55K@......##
##..
.#....{#####..z###.....#
##. ##.....{.##..###
##...## #. ##.K#......##
##..## ## #...#....##
##....# ## #...>...##
##.....#########.
#........#
##................
##..###...#
#.................) #..##
##........#####.........)


You could see Pikel, 3 lemures and a wight.

Vanquished Creatures
  2 ogres
  2 scorpions (D:6)
  A wight (D:6)
  A gnoll bouda (D:6)
  2 iguanas
  2 adders
  3 gnolls (D:6)
  An ufetubus (D:4)
  A worm (D:4)
  4 orcs
  An endoplasm (D:1)
  3 giant cockroaches
  5 hobgoblins
  8 jackals
  2 quokkas
  9 ball pythons
  5 bats
  2 frilled lizards
  8 goblins
  5 kobolds
  2 rats
69 creatures vanquished.

Notes
Turn   | Place    | Note
-------+----------+-------------------------------------------
     0 | D:1      | Arcadio the Formicid Fighter began the quest for the Orb.
     0 | D:1      | Reached XP level 1. HP: 18/18 MP: 1/1
   199 | D:1      | Reached XP level 2. HP: 24/24 MP: 2/2
   551 | D:2      | Reached XP level 3. HP: 30/30 MP: 3/3
   883 | D:2      | Found a faded altar of an unknown god.
  1423 | D:3      | Reached XP level 4. HP: 37/37 MP: 4/4
  1562 | D:3      | Found a blossoming altar of Fedhas.
  1656 | D:3      | Found a glowing silver altar of Zin.
  1667 | D:3      | Became a worshipper of Zin the Law-Giver
  1667 | D:3      | Reached * piety under Zin
  2343 | D:4      | HP: 1/35 [iguana (3)]
  2345 | D:4      | Reached XP level 5. HP: 2/43 MP: 5/5
  2530 | D:4      | Noticed an ogre
  2538 | D:4      | Killed an ogre
  2638 | D:4      | Reached XP level 6. HP: 50/50 MP: 6/6
  2724 | D:4      | Reached ** piety under Zin
  2745 | D:4      | Found a transporter.
  2779 | D:4      | Noticed an ogre
  2810 | D:4      | You fall into a shaft and drop 2 floors!
  2973 | D:6      | Reached skill level 5 in Fighting
  2985 | D:6      | Identified the +7 falchion of Popular Demand {freeze, Fly
                  | rPois}
  3072 | D:6      | Noticed an ogre
  3081 | D:6      | Killed an ogre
  3082 | D:6      | Reached skill level 5 in Armour
  3164 | D:6      | Reached XP level 7. HP: 40/56 MP: 7/7
  3402 | D:6      | Found an ornate altar of the Wu Jian Council.
  3456 | D:6      | Noticed Pikel
  3521 | D:6      | HP: 1/53 [wight/+6 halberd (12)]
  3521 | D:6      | Slain by a wight

Illustrated notes

Levels and vault maps discovered:
D:1:      grunt_arrival_crossed_arrows, layout_rooms
D:2:      layout_basic, ebering_ecumenical_altar_sacrificial,
          chequers_serial_rivers_micro_b
D:3:      layout_basic, mainiacjoe_overflow_alcove_4, general_overflow_altar
D:4:      minmay_chambers_of_threes, layout_layer_cave,
          gammafunk_ghost_abyssal_escape
D:6:      layout_layer_cave, mainiacjoe_overflow_paths,
          nicolae_wu_jian_wuxing_cycle, uniq_pikel

Skill      XL: |  1  2  3  4  5  6 |
---------------+-------------------+-----
Fighting       | 4 5 |  5.8
Armour         | 4 5 |  5.6
Axes           | 3 4 |  4.6
Shields        | |  4.0

Action                     |  1- 3 |  4- 6 |  7- 9 || total
---------------------------+-------+-------+-------++-------
  Melee: War axe           |   102 |    65 |       ||   167
         Falchion          |       |    12 |    14 ||    26
 Invoke: Vitalisation      |       |     1 |     1 ||     2
Ability: Dig               |       |     1 |     1 ||     2
         Shaft Self        |       |     1 |       ||     1
    Use: Scroll            |     1 |       |       ||     1
         Potion            |       |       |     1 ||     1
 Armour: Scale mail        |    23 |       |       ||    23
         Plate armour      |    35 |    39 |    10 ||    84
  Dodge: Dodged            |    37 |    23 |     5 ||    65
  Block: Buckler           |    28 |    17 |     5 ||    50

Table legend: (Time is in decaauts)
 A = Elapsed time spent in this place.
 B = Non-inter-level travel time spent in this place.
 C = Inter-level travel time spent in this place.
 D = Time resting spent in this place.
 E = Time spent auto-exploring this place.
 F = Levels seen in this place.
 G = Mean time per level.
                   A        B        C        D        E       F      G
               +--------+--------+--------+--------+--------+-----+--------+
         Total |   3596 |   3456 |    140 |    610 |   2120 |   5 |  719.2 |
       Dungeon |   3596 |   3456 |    140 |    610 |   2120 |   5 |  719.2 |
               +--------+--------+--------+--------+--------+-----+--------+

Top non-repeatable levels by time:
     D:3: 1055 daAuts
     D:2: 797 daAuts
     D:6: 721 daAuts
     D:4: 530 daAuts
     D:1: 491 daAuts
